 Dungeon Crawl Stone Soup version 0.29-a0-284-gf9362112df (webtiles) character file.

Game seed: 14198587725351802333

145 being54 the Covert (level 5, -2/24 HPs)
             Began as a Spriggan Enchanter on Mar 21, 2022.
             Splashed by a jelly's acid (9 damage)
             ... on level 4 of the Dungeon.
             The game lasted 00:07:15 (2924 turns).

being54 the Covert (Spriggan Enchanter)             Turns: 2924, Time: 00:07:16

Health: -2/24      AC:  7    Str:  4      XL:     5   Next: 6%
Magic:  5/10       EV: 18    Int: 15 (16) God:
Gold:   202        SH:  0    Dex: 16 (18) Spells: 5/10 levels left

rFire   . . .      SeeInvis +   a - +1 dagger
rCold   . . .      Faith    .   (no shield)
rNeg    . . .      Spirit   .   b - +1 robe
rPois   .          Reflect  .   (helmet restricted)
rElec   .          Harm     .   (no cloak)
rCorr   .          Rampage  .   (gloves unavailable)
Will    .....                   (boots unavailable)
Stlth   ++++......              (no amulet)
HPRegen 0.08/turn               g - +4 ring of protection
MPRegen 0.12/turn               (no ring)

@: very quick
A: very small, no large weapons, unfitting armour, see invisible, speed 3
a: no special abilities


You were on level 4 of the Dungeon.
You visited 1 branch of the dungeon, and saw 4 of its levels.

You collected 202 gold pieces.

Inventory:

Hand Weapons
 a - a +1 dagger (weapon)
Armour
 b - a +1 robe (worn)
Jewellery
 g - a +4 ring of protection (left hand)
Scrolls
 d - a scroll of identify {unknown}
 h - a scroll of enchant armour
 n - a scroll of fear
Potions
 c - 2 potions of invisibility
 e - a potion of haste {unknown}
 f - a potion of brilliance {unknown}
 i - 3 potions of mutation {unknown}
 j - a potion of ambrosia {unknown}
 k - a potion of magic {unknown}
 l - a potion of attraction {unknown}
 m - 2 potions of cancellation {unknown}


   Skills:
 - Level 1.4 Short Blades
 + Level 3.2 Dodging
 - Level 8.0 Stealth
 + Level 3.1 Spellcasting
 * Level 4.1 Hexes


You had 5 spell levels left.
You knew the following spells:

 Your Spells              Type           Power      Damage    Failure   Level
a - Ensorcelled Hibernat  Hex/Ice        16%        N/A       13%         2
b - Confusing Touch       Hex            14%        N/A       11%         3

Your spell library contained the following spells:

 Spells                   Type           Power      Damage    Failure   Level
 Tukima's Dance           Hex            14%        N/A       11%         3
 Dazzling Flash           Conj/Hex       16%        N/A       26%         3


Dungeon Overview and Level Annotations

Branches:
Dungeon (4/15)
 Temple: D:4-7

Altars:

Shops:
D:4 (


Innate Abilities, Weirdness & Mutations

You are very small and have problems with some larger weapons.
You are too small for most types of armour.
You have supernaturally acute eyesight. (SInv)
You cover ground extremely quickly. (Speed+++)


Message History

A jelly comes into view.
A kobold and an ogre come into view.
The ogre shouts!
The kobold shouts!
The jelly quivers.
Sorry, you're not good enough to have a special ability.
Casting: Ensorcelled Hibernation (safe; 13% risk of failure)
Confirm with . or Enter, or press ? or * to list all spells.
Aiming: Ensorcelled Hibernation (safe; 13% risk of failure)
Press: ? - help, Shift-Dir - straight line, f - ogre
Aim: an ogre, wielding a +0 giant club (chance to affect: 41%)
The ogre resists with some effort.
The kobold closely misses you. The ogre hits you with a +0 giant club!
Ouch! That really hurt!
Casting: Ensorcelled Hibernation (safe; 13% risk of failure)
Confirm with . or Enter, or press ? or * to list all spells.
Aiming: Ensorcelled Hibernation (safe; 13% risk of failure)
Press: ? - help, Shift-Dir - straight line, f/p - ogre
Aim: an ogre, wielding a +0 giant club (chance to affect: 41%)
The ogre resists with some effort.
You hit the kobold but do no damage. The kobold hits you with a +0 dagger.
You hit the kobold.
The kobold is severely wounded.
The kobold completely misses you.
You barely miss the kobold.
The kobold is severely wounded.
A giant cockroach comes into view.
The kobold barely misses you.
You hit the kobold.
You kill the kobold!
Casting: Ensorcelled Hibernation (safe; 13% risk of failure)
Confirm with . or Enter, or press ? or * to list all spells.
Aiming: Ensorcelled Hibernation (safe; 13% risk of failure)
Press: ? - help, Shift-Dir - straight line, f/p - ogre
Aim: an ogre, wielding a +0 giant club (chance to affect: 41%)
The ogre looks drowsy...
You hear the slow hiss of a very distant avalanche of sand.
The jelly hits you.
* * * LOW HITPOINT WARNING * * *
You are splashed with acid!
You die...

#.# #### #.#####... #.........
#......... #.........
#......... #.........
###############.........
#######....BO@......#.#####<##
............J.................
#######)######....#.#.#####.#.
...................)..>.......
......^...........#.#.#####.#.
#######...........#.#.# #...
#...........#.#.# ###.
#...........#.#.# #.
#...........#.#.........


You could see an ogre (asleep), a jelly and a giant cockroach.

Vanquished Creatures
  A bullfrog (D:4)
  3 adders (D:3)
  A shadow imp (D:4)
  A worm (D:3)
  2 orcs (D:3)
  A ball python (D:2)
  4 endoplasms
  2 giant cockroaches
  7 goblins
  3 hobgoblins
  3 jackals (D:3)
  4 kobolds
  2 quokkas
  2 bats
  A frilled lizard (D:2)
  5 rats
42 creatures vanquished.

Notes
Turn   | Place    | Note
-------+----------+-------------------------------------------
     0 | D:1      | being54 the Spriggan Enchanter began the quest for the Orb.
     0 | D:1      | Reached XP level 1. HP: 9/9 MP: 5/5
   264 | D:1      | Found a faded altar of an unknown god.
   972 | D:2      | Reached XP level 2. HP: 13/13 MP: 6/6
  1270 | D:1      | Reached skill level 5 in Stealth
  2081 | D:3      | Reached XP level 3. HP: 12/16 MP: 8/8
  2168 | D:3      | Reached skill level 6 in Stealth
  2287 | D:3      | Learned a level 2 spell: Ensorcelled Hibernation
  2291 | D:3      | Learned a level 3 spell: Confusing Touch
  2574 | D:3      | Reached XP level 4. HP: 21/21 MP: 9/9
  2588 | D:3      | Reached skill level 7 in Stealth
  2827 | D:4      | Found Okidaliats's Weapon Emporium.
  2828 | D:4      | Noticed a bullfrog
  2832 | D:4      | Killed a bullfrog
  2833 | D:4      | Reached skill level 8 in Stealth
  2847 | D:4      | Reached XP level 5. HP: 24/24 MP: 8/10
  2905 | D:4      | Noticed an ogre
  2924 | D:4      | Splashed by a jelly's acid

Illustrated notes

Levels and vault maps discovered:
D:1:      spicycebolla_arrival_xxxplode, layout_basic,
          hellmonk_ecumenical_altar_crossroads
D:2:      layout_rooms, minmay_goblin_kobold_house
D:3:      layout_basic
D:4:      layout_basic, serial_shops, nicolae_shop_bloodbath_and_beyond,
          enter_ossuary_3

Skill      XL: |  1  2  3  4 |
---------------+-------------+-----
Dodging        | 3 |  3.2
Stealth        | 5 6 8 |  8.0
Spellcasting   | 3 |  3.1
Hexes          | 4 |  4.1
Short Blades   | |  1.4

Action                   |  1- 3 |  4- 6 || total
-------------------------+-------+-------++-------
Melee: Dagger            |   169 |    36 ||   205
       Punch             |     3 |     1 ||     4
 Cast: Ensorcelled Hiber |       |     4 ||     4
  Use: Scroll            |     4 |       ||     4
       Potion            |       |     1 ||     1
 Stab: Sleeping          |     8 |     2 ||    10
       Distracted        |     1 |     1 ||     2
Armor: Robe              |    31 |     2 ||    33
Dodge: Dodged            |   138 |    26 ||   164

Table legend: (Time is in decaauts)
 A = Elapsed time spent in this place.
 B = Non-inter-level travel time spent in this place.
 C = Inter-level travel time spent in this place.
 D = Time resting spent in this place.
 E = Time spent auto-exploring this place.
 F = Levels seen in this place.
 G = Mean time per level.
                   A        B        C        D        E       F      G
               +--------+--------+--------+--------+--------+-----+--------+
         Total |   2282 |   2174 |    108 |    814 |   1007 |   4 |  570.5 |
       Dungeon |   2282 |   2174 |    108 |    814 |   1007 |   4 |  570.5 |
               +--------+--------+--------+--------+--------+-----+--------+

Top non-repeatable levels by time:
     D:1: 829 daAuts
     D:2: 756 daAuts
     D:3: 597 daAuts
     D:4: 100 daAuts
